Map: Celestial Enclave LE

Players

SLicKcHeeZEE - Winner!

  • Race: Zerg Zerg
  • League: Bronze
  • Spawn Location: 7:00

A.I. 1 (Elite)

  • Race: Terran Terran
  • Spawn Location: 1:00

VOD

Have the link to the VOD?

Description

Time

  • Played on: Sept. 27, 2026, 6:13 a.m.
  • Length: 28:25
Show
View Real Time Build Order
Export as new Build Order

SLicKcHeeZEE Zerg - Winner!

Build Orders: Hatch First, Roach Hydra 

Get SALT Encoding   

  8  0:00  Drone  
  9  0:10  Drone  
  10  0:16  Drone  
  11  0:27  Overlord  
  11  0:33  Drone  
  12  0:45  Drone x2  
  14  0:51  Drone  
  15  1:13  Hatchery  
  15  1:17  Drone  
  15  1:19  Drone  
  15  1:24  Drone  
  17  1:39  Spawning Pool  
  16  1:42  Drone  
  16  1:45  Extractor  
  16  1:48  Drone  
  16  1:51  Drone  
  18  2:00  Drone  
  19  2:11  Overlord  
  19  2:25  Queen  
  19  2:26  Queen  
  19  2:29  Zergling x2  
  24  2:32  Drone  
  24  2:34  Drone  
  24  2:37  Drone  
  27  2:40  Drone  
  28  2:47  Metabolic Boost  
  28  2:51  Extractor  
  28  2:54  Overlord  
  27  3:03  Roach Warren  
  26  3:10  Drone  
  26  3:11  Drone  
  28  3:18  Drone  
  29  3:22  Lair  
  29  3:26  Drone  
  30  3:36  Overlord  
  30  3:45  Roach x3  
  36  3:50  Roach  
  38  3:59  Queen  
  40  4:20  Hydralisk Den  
  40  4:21  Glial Reconstitution  
  40  4:23  Overlord  
  39  4:27  Drone x2  
  39  4:28  Drone x2  
  43  4:40  Drone x2  
  45  4:50  Hydralisk x2  
  45  4:51  Hydralisk  
  51  4:53  Hydralisk  
  51  4:58  Overlord  
  53  5:03  Drone  
  53  5:04  Drone  
  53  5:05  Drone  
  56  5:09  Grooved Spines  
  56  5:17  Evolution Chamber  
  56  5:19  Drone  
  56  5:23  Drone x2  
  56  5:25  Drone  
  59  5:35  Hatchery  
  58  5:41  Extractor, Overlord  
  57  5:47  Zerg Missile Weapons Level 1  
  57  5:52  Drone x3  
  60  6:00  Muscular Augments  
  60  6:05  Drone x2  
  60  6:06  Drone  
  60  6:11  Roach x2, Hydralisk  
  67  6:13  Hydralisk  
  67  6:16  Overlord  
  71  6:24  Overlord  
  71  6:32  Drone  
  72  6:35  Drone x6  
  78  6:44  Overlord  
  78  6:51  Roach x2, Hydralisk  
  78  6:52  Hydralisk x2  
  88  6:55  Hydralisk  
  88  7:00  Queen  
  92  7:03  Overlord  
  92  7:06  Ravager x2  
  94  7:09  Roach  
  94  7:10  Roach  
  94  7:15  Overlord, Extractor  
  97  7:18  Drone  
  97  7:19  Drone x2  
  100  7:26  Hydralisk x2  
  100  7:27  Hydralisk  
  106  7:30  Hydralisk  
  106  7:31  Overlord  
  108  8:16  Hydralisk x2  
  108  8:17  Hydralisk x5  
  108  8:18  Hydralisk  
  124  8:21  Overlord x2  
  124  8:41  Hydralisk x6  
  124  8:43  Hydralisk  
  138  8:53  Zerg Ground Armor Level 1  
  138  9:09  Spore Crawler  
  137  9:10  Hydralisk  
  139  10:21  Overlord x4  
  139  10:46  Hydralisk  
  139  10:47  Hydralisk x8  
  139  10:48  Hydralisk x7  
  171  11:19  Zerg Ground Armor Level 2  
  171  11:37  Overlord  
  171  11:38  Overlord x2  
  93  12:26  Hydralisk x6  
  93  12:27  Hydralisk x20  
  125  12:40  Roach x6  
  125  12:41  Roach  
  139  13:09  Hatchery  
  70  14:04  Hydralisk  
  70  14:05  Hydralisk x17  
  94  14:40  Roach  
  94  14:41  Roach x11  
  118  14:52  Extractor x2  
  116  14:55  Drone x3  
  73  16:07  Hydralisk x6  
  73  16:08  Hydralisk x2  
  73  16:09  Hydralisk x6  
  73  16:10  Hydralisk x2  
  97  16:11  Roach x2  
  97  16:12  Roach x3  
  97  16:13  Roach  
  73  17:56  Hydralisk  
  73  17:57  Hydralisk x18  
  73  17:58  Hydralisk x5  
  107  18:42  Baneling Nest  
  107  18:43  Hatchery  
  105  18:56  Hydralisk x5  
  105  18:57  Hydralisk x5  
  125  19:37  Zergling x2  
  125  19:38  Zergling x28  
  68  21:19  Roach x10  
  68  21:20  Roach x11  
  102  21:31  Extractor  
  101  21:33  Extractor  
  97  21:52  Hydralisk x6  
  97  21:53  Hydralisk x6  
  121  22:22  Hatchery  
  120  22:25  Extractor  
  120  22:27  Extractor  
  118  22:35  Hydralisk x8  
  134  22:38  Hatchery  
  109  24:23  Hydralisk  
  107  24:24  Hydralisk x19  
  107  24:25  Hydralisk x2  
  119  27:23  Zergling x14  
  119  27:24  Zergling x16  
Show
View Real Time Build Order
Export as new Build Order

A.I. 1 (Elite) Terran 

Build Orders: 2 Factory, Mech 

Get SALT Encoding   

  8  0:00  SCV  
  9  0:13  SCV  
  10  0:25  SCV  
  11  0:37  SCV  
  12  0:46  Supply Depot  
  12  0:49  SCV  
  13  1:07  SCV  
  13  1:10  Barracks  
  14  1:20  SCV  
  15  1:32  SCV  
  16  1:44  SCV  
  17  1:49  Refinery  
  17  1:56  SCV, Supply Depot  
  17  1:58  Marine  
  19  2:08  SCV  
  20  2:11  Refinery  
  20  2:16  Marine  
  20  2:20  SCV  
  22  2:32  SCV  
  22  2:34  Marine  
  24  2:44  SCV  
  24  2:47  Factory  
  25  2:51  Marine  
  25  2:56  SCV  
  27  3:06  Factory  
  27  3:08  SCV  
  27  3:09  Marine  
  27  3:12  Supply Depot  
  29  3:33  Marine, SCV  
  31  3:35  Factory Tech Lab  
  31  3:45  SCV  
  32  3:50  Factory Tech Lab  
  32  3:51  Marine  
  33  3:57  SCV  
  34  4:09  SCV  
  35  4:18  Barracks  
  35  4:22  SCV  
  36  4:34  SCV  
  36  4:36  Supply Depot  
  37  4:57  SCV, Siege Tank  
  41  5:01  Marine  
  41  5:04  Supply Depot  
  42  5:09  SCV  
  42  5:11  Barracks Tech Lab  
  43  5:21  Factory, SCV, Command Center  
  43  5:26  Hellion  
  43  5:27  Supply Depot  
  46  5:29  Siege Tank  
  46  5:33  SCV  
  50  5:45  Infernal Pre-Igniter  
  50  5:46  Orbital Command  
  50  5:47  Hellion  
  52  5:54  Supply Depot  
  52  5:59  Marine  
  52  6:01  Siege Tank  
  52  6:02  Marine  
  57  6:09  Hellion x2  
  61  6:17  Supply Depot  
  61  6:20  Armory  
  61  6:30  Siege Tank  
  64  6:33  SCV  
  64  6:35  SCV  
  66  6:45  Marauder  
  66  6:46  SCV  
  68  6:47  SCV  
  69  6:58  SCV  
  69  6:59  SCV  
  71  7:05  Armory  
  71  7:06  Marauder  
  73  7:09  Terran Vehicle And Ship Armor Level 1  
  73  7:10  SCV  
  73  7:11  SCV  
  73  7:12  Engineering Bay  
  75  7:22  SCV  
  76  7:23  Refinery  
  76  7:24  SCV  
  76  7:27  Marauder  
  79  7:30  Supply Depot  
  79  7:34  SCV  
  79  7:36  SCV  
  81  7:38  Terran Infantry Armor Level 1  
  81  7:39  Engineering Bay  
  81  7:41  Siege Tank  
  84  7:45  Command Center  
  84  7:46  SCV  
  84  7:49  SCV  
  86  7:54  Terran Vehicle Weapons Level 1  
  87  7:58  SCV  
  87  8:01  SCV, Supply Depot  
  87  8:05  Terran Infantry Weapons Level 1  
  88  8:07  Siege Tank  
  88  8:10  SCV  
  88  8:11  Hellion  
  94  8:14  Hellion  
  94  8:17  Marauder  
  98  8:22  Orbital Command  
  98  8:26  Supply Depot  
  98  8:29  Missile Turret  
  98  8:39  Marauder  
  99  8:42  Missile Turret  
  99  8:45  Cyclone  
  102  8:50  Supply Depot  
  102  8:57  Marine, Cyclone  
  102  8:58  Hellion  
  102  9:00  Marauder  
  110  9:07  Command Center  
  110  9:15  Marine  
  111  9:17  Hellion  
  111  9:18  Stimpack, Supply Depot  
  111  9:22  Marauder  
  117  9:24  Widow Mine  
  117  9:30  Widow Mine  
  117  9:31  Missile Turret  
  119  9:36  Starport  
  121  9:38  Widow Mine  
  121  9:43  Supply Depot  
  121  9:44  Marauder  
  123  9:48  Marine  
  124  9:57  Refinery  
  123  10:03  Siege Tank  
  123  10:05  Marine  
  123  10:06  Marine  
  128  10:07  Supply Depot  
  128  10:14  Medivac  
  129  10:18  Siege Tank  
  132  10:23  Marine  
  132  10:24  Marine  
  132  10:25  Command Center  
  134  10:30  Supply Depot  
  134  10:35  Siege Tank  
  137  10:41  Marine  
  138  10:50  Siege Tank  
  138  10:54  Supply Depot  
  141  10:57  Missile Turret  
  141  10:58  Concussive Shells  
  140  11:06  Terran Infantry Weapons Level 2  
  140  11:07  Siege Tank  
  140  11:09  Missile Turret  
  140  11:10  Missile Turret  
  143  11:17  Barracks  
  143  11:19  Supply Depot  
  143  11:23  Terran Vehicle Weapons Level 2  
  143  11:26  Widow Mine  
  143  11:30  Missile Turret  
  145  11:38  SCV x2  
  145  11:39  SCV, Refinery  
  148  11:40  Combat Shield  
  148  11:47  Missile Turret, Starport Tech Lab  
  148  11:48  Missile Turret  
  148  11:50  SCV  
  148  11:51  SCV  
  150  11:56  Marine x2  
  150  11:58  Siege Tank  
  153  12:02  SCV  
  153  12:03  SCV  
  153  12:04  Command Center  
  153  12:07  Raven  
  149  12:13  Command Center  
  149  12:14  SCV  
  115  12:22  Marine  
  97  12:24  Marine  
  97  12:26  Marine  
  92  12:33  SCV  
  92  12:35  SCV  
  91  12:40  Marine  
  91  12:43  Marauder  
  94  12:44  Barracks Tech Lab  
  94  12:45  SCV  
  94  12:47  SCV  
  94  12:51  Medivac  
  98  12:57  SCV  
  98  12:58  Marine  
  100  13:01  SCV  
  100  13:03  Marine  
  100  13:04  Marauder  
  104  13:06  Missile Turret  
  104  13:09  SCV  
  105  13:13  SCV  
  105  13:14  Missile Turret  
  105  13:16  Marine  
  105  13:19  Barracks, Orbital Command  
  107  13:21  Marauder  
  107  13:25  Marine  
  107  13:26  Command Center  
  110  13:39  SCV  
  110  13:40  SCV  
  110  13:41  Refinery, Barracks Reactor  
  112  13:42  SCV  
  112  13:43  Marauder  
  112  13:44  Marine  
  112  13:45  SCV  
  102  13:51  SCV  
  102  13:53  SCV  
  82  13:58  SCV  
  82  14:02  Marine  
  75  14:03  SCV, Marine  
  75  14:05  SCV, Marine  
  72  14:10  SCV  
  72  14:15  SCV  
  72  14:16  Medivac  
  73  14:17  SCV  
  73  14:20  Marine x3  
  73  14:22  Marauder, SCV  
  73  14:23  Marine  
  79  14:28  SCV  
  79  14:29  SCV  
  81  14:34  SCV  
  81  14:38  Marine, Marauder, Orbital Command  
  85  14:39  Marine  
  85  14:40  SCV  
  85  14:43  Marauder  
  85  14:44  SCV  
  90  14:46  SCV, Medivac  
  90  14:50  Marine  
  90  14:52  SCV  
  95  14:55  Marine  
  95  14:56  SCV  
  95  14:57  Marine  
  95  14:58  Terran Infantry Weapons Level 3  
  100  15:00  Marauder  
  100  15:04  Marine  
  101  15:08  Marine  
  101  15:09  Planetary Fortress  
  101  15:13  Missile Turret, Marine  
  103  15:14  Missile Turret  
  103  15:17  Medivac  
  103  15:19  Marine  
  103  15:21  Marauder  
  108  15:22  Marine  
  108  15:26  Marine  
  110  15:31  Marine  
  108  15:40  SCV, Marauder  
  108  15:41  SCV  
  108  15:42  Marauder  
  98  15:46  SCV, Marine, Viking  
  98  15:47  Marine  
  98  15:49  Marine  
  87  15:56  SCV  
  79  16:01  SCV, Marine  
  79  16:03  Marine  
  79  16:04  Marine  
  79  16:05  Marine  
  79  16:07  Marine  
  79  16:09  Command Center  
  79  16:10  SCV  
  79  16:16  SCV, Medivac  
  79  16:17  SCV  
  83  16:19  Marine  
  83  16:21  Marauder  
  83  16:22  Marine, SCV  
  83  16:24  Marine  
  89  16:26  Marine  
  90  16:37  Marauder  
  90  16:39  Marine  
  92  16:42  Marine  
  92  16:43  Marauder  
  92  16:46  Marine, Viking  
  99  16:57  Marine  
  99  16:59  Marauder  
  99  17:00  Marine  
  103  17:03  Marine  
  103  17:04  Marauder  
  106  17:09  Siege Tank  
  106  17:15  Marine  
  100  17:17  Raven  
  100  17:18  Marine  
  100  17:20  Marauder  
  100  17:21  Marine  
  90  17:25  Marine  
  80  17:33  Siege Tank, Marine  
  80  17:36  Marine  
  80  17:39  Marine  
  80  17:41  Siege Tank, Marauder  
  80  17:43  Marine  
  84  17:51  Medivac, Marine  
  79  17:53  Marine  
  79  17:54  SCV  
  79  17:57  Marine  
  72  18:01  SCV, Marauder  
  72  18:02  Marine  
  72  18:04  Command Center  
  75  18:08  SCV  
  75  18:09  Marine  
  75  18:10  SCV  
  75  18:12  Marine  
  78  18:13  SCV  
  78  18:14  Missile Turret  
  78  18:16  Marine  
  81  18:20  SCV  
  81  18:21  Viking, Marauder  
  81  18:22  Marine  
  81  18:26  Marine  
  88  18:30  Marine  
  88  18:34  Marine  
  89  18:35  Terran Infantry Armor Level 2  
  89  18:40  Marauder  
  92  18:44  Missile Turret, Marine  
  92  18:45  Marauder  
  95  18:50  Marine, Medivac  
  95  18:52  Marine  
  99  19:02  Marauder, Marine  
  102  19:06  Marauder  
  104  19:20  Medivac  
  104  19:21  Orbital Command  
  104  19:23  Marauder  
  108  19:28  Marauder  
  110  19:32  Command Center  
  110  19:42  Starport  
  110  19:50  Viking  
  112  19:53  Refinery  
  112  19:56  Refinery  
  112  20:11  Fusion Core  
  112  20:18  Hellion x3, Starport Reactor  
  112  20:20  Viking  
  120  20:24  Marine  
  120  20:25  SCV  
  120  20:27  SCV  
  120  20:28  SCV  
  72  20:37  SCV  
  72  20:39  Hellion, SCV  
  72  20:40  Hellion x2  
  60  20:47  SCV  
  60  20:49  Marine x2, SCV  
  58  20:50  Viking  
  58  20:52  Marine, SCV  
  58  20:54  Viking  
  59  21:04  Viking  
  53  21:21  Battlecruiser  
  55  21:38  Viking  
  57  21:41  Command Center  
  56  21:52  Viking, SCV  
  59  22:02  SCV  
  59  22:04  SCV  
  59  22:05  Command Center, SCV  
  62  22:08  Viking  
  62  22:14  SCV  
  65  22:18  SCV  
  65  22:19  SCV  
  65  22:22  Viking  
  69  22:25  Viking  
  69  22:26  SCV  
  72  22:30  SCV  
  72  22:32  SCV  
  74  22:38  SCV  
  74  22:42  SCV  
  74  22:44  SCV  
  77  22:47  Viking  
  77  22:50  SCV  
  80  22:54  SCV x2  
  80  22:56  SCV  
  83  23:02  Refinery, SCV  
  83  23:03  Refinery  
  84  23:06  SCV  
  84  23:07  SCV  
  84  23:08  SCV, Viking  
  89  23:14  SCV  
  89  23:18  SCV  
  91  23:20  SCV x3  
  91  23:26  Command Center, SCV  
  95  23:30  SCV  
  95  23:32  SCV  
  95  23:33  SCV x2, Marauder x2  
  103  23:35  Marine  
  103  23:37  Marine  
  103  23:38  Marine  
  103  23:44  Viking  
  103  23:47  Viking  
  84  23:53  Marine  
  84  23:54  Marauder  
  81  23:58  Viking  
  83  24:03  Command Center  
  83  24:04  Marine  
  83  24:05  Marine  
  83  24:06  Marine  
  81  24:10  SCV  
  81  24:11  Marine  
  81  24:13  SCV  
  81  24:14  Viking  
  81  24:15  Marine  
  81  24:18  Viking  
  81  24:22  Marine  
  81  24:23  Marine  
  85  24:26  Marine  
  85  24:29  Marine  
  85  24:31  Orbital Command  
  84  24:33  Marine  
  84  24:34  Viking  
  85  24:38  SCV x2  
  85  24:40  Marine x2  
  85  24:44  Marine  
  84  24:47  Marine  
  84  24:50  SCV  
  84  24:51  Viking, Marine  
  83  24:56  SCV  
  79  25:03  SCV  
  63  25:08  SCV  
  60  25:16  SCV  
  60  25:17  Command Center, SCV  
  60  25:20  SCV, Marine x3, Viking  
  68  25:30  SCV  
  68  25:32  SCV  
  68  25:33  SCV  
  70  25:37  Marine  
  70  25:38  Viking  
  66  25:44  SCV, Marine  
  66  25:45  SCV  
  66  25:49  Marine  
  68  25:51  Marine  
  68  25:57  SCV x2  
  64  26:01  Viking  
  64  26:02  Refinery  
  59  26:06  Refinery  
  59  26:08  Marine x2  
  42  26:18  SCV  
  30  26:30  SCV  
  31  26:39  Marine x2  
  34  26:40  Marauder  
  34  26:42  Marine, SCV  
  37  26:48  SCV  
  29  26:54  SCV  
  29  26:57  Marine  
  30  27:01  Marauder  
  20  27:27  SCV  
  19  27:40  SCV  
  19  27:43  Command Center  
Tags
 
Add a new tag
Caveats
  • Supply blocks, unpowered buildings, or Contaminate may cause inaccurate times.
  • Supply counts are checked every 10 seconds.